 Dungeon Crawl Stone Soup version 0.21-a0-401-g0b6bec4 (webtiles) character file.

765899 Hasart the Executioner (level 27, -10/228 HPs)
             Began as a Mummy Fighter on Oct 24, 2017.
             Was a High Priest of Makhleb.
             Killed by divine providence
             ... invoked by a black draconian stormcaller
              (13 damage)
             ... on level 5 of the Realm of Zot.
             The game lasted 03:40:15 (72971 turns).

Hasart the Executioner (Mummy Fighter)             Turns: 72971, Time: 03:40:16

Health: -10/228    AC: 41    Str: 33    XL:     27
Magic:  0/48       EV: 22    Int:  9    God:    Makhleb [*****.]
Gold:   2506       SH: 26    Dex: 15    Spells: 32/51 levels left

rFire    + . .     SeeInvis +   S - +8 mithril axe "Arga" {speed, MR+}
rCold    + + +     Gourm    .   A - +2 large shield
rNeg     + + +     Faith    .   J - +14 gold dragon scales of Lexets {+Blink +Fly rPois rF+ rC+ MP+9 SInv}
rPois    ∞         Spirit   +   s - -2 hat of the Alchemist {rElec rPois rF+ rC+ rN+ MR+ rMut rCorr}
rElec    +         Reflect  .   L - +0 cloak of Qoorchepnu {rCorr Int-4 Slay+5}
rCorr    +         Harm     .   K - +0 pair of gloves "Faclus" {Regen+ Dex+2 Stlth+}
rMut     +                      C - +2 pair of boots {run}
MR       +++++                  Y - amulet of Summertime {Spirit Fragile Str+8 SInv Stlth+}
Stlth    ..........             F - +6 ring of evasion
HPRegen  0.88/turn              n - ring of Raes {rElec Slay+2}
MPRegen  0.31/turn

@: about to teleport, quick
A: no food or potions, fire vulnerability, cold resistance 1, negative energy
resistance 3, torment resistance, unbreathing, in touch with death 2
}: 3/15 runes: serpentine, barnacled, abyssal
a: Minor Destruction, Lesser Servant of Makhleb, Major Destruction, Greater
Servant of Makhleb, Renounce Religion, Evoke Blink, Evoke Flight


You were on level 5 of the Realm of Zot.
You worshipped Makhleb.
Makhleb was extremely pleased with you.
You were not hungry.

You visited 11 branches of the dungeon, and saw 53 of its levels.
You visited the Abyss 4 times.
You visited 2 bazaars.
You also visited: Bailey and Wizlab.

You collected 38611 gold pieces.
You spent 15278 gold pieces at shops.
You paid 20827 gold pieces to Gozag.

Inventory:

Hand Weapons
 z - a +9 demon whip of electrocution
 S - the +8 mithril axe "Arga" (weapon) {speed, MR+}
   (You bought it in a shop on level 2 of the Snake Pit)

   Attacks with this weapon are significantly faster.
   It affects your resistance to hostile enchantments.
Missiles
 g - 5 throwing nets
 H - 11 silver tomahawks (quivered)
Armour
 b - the +4 helmet of the Lute {rF++ Str-5 Slay+3 Stlth+}
   (You acquired it on level 2 of the Lair of Beasts)

   It affects your strength (-5).
   It affects your accuracy and damage with ranged weapons and melee attacks
   (+3).
   It greatly protects you from fire.
   It makes you more stealthy.
 s - the -2 hat of the Alchemist (worn) {rElec rPois rF+ rC+ rN+ MR+ rMut rCorr}
   (You bought it in a shop on level 4 of the Vaults)

   It protects you from fire.
   It protects you from cold.
   It insulates you from electricity.
   It protects you from poison.
   It protects you from negative energy.
   It affects your resistance to hostile enchantments.
   It protects you from acid and corrosion.
   It protects you from mutation.
 A - a +2 large shield (worn)
 C - a +2 pair of boots of running (worn)
 J - the +14 gold dragon scales of Lexets (worn) {+Blink +Fly rPois rF+ rC+ MP+9 SInv}
   (You bought it in a shop on level 1 of the Lair of Beasts)

   It protects you from fire.
   It protects you from cold.
   It protects you from poison.
   It affects your magic capacity (+9).
   It lets you see invisible.
   It lets you fly.
   It lets you blink.
 K - the +0 pair of gloves "Faclus" (worn) {Regen+ Dex+2 Stlth+}
   (You acquired it on level 3 of the Elven Halls)

   It affects your dexterity (+2).
   It increases your rate of regeneration.
   It makes you more stealthy.
 L - the +0 cloak of Qoorchepnu (worn) {rCorr Int-4 Slay+5}
   (You found it in a wizard's laboratory)

   It affects your intelligence (-4).
   It affects your accuracy and damage with ranged weapons and melee attacks
   (+5).
   It protects you from acid and corrosion.
Jewellery
 n - the ring of Raes (right hand) {rElec Slay+2}
   (You bought it in a shop on level 2 of the Lair of Beasts)

   [ring of slaying]

   It affects your accuracy and damage with ranged weapons and melee attacks
   (+2).
   It insulates you from electricity.
 w - an uncursed ring of fire
 E - the ring of the Mage {Wiz MR++ Int+3}
   (You took it off a vampire knight on level 2 of the Crypt)

   [ring of wizardry]

   It improves your spell success rate.
   It affects your intelligence (+3).
   It affects your resistance to hostile enchantments.
 F - a +6 ring of evasion (left hand)
 P - the ring of Myemo {+Inv MR+++ AC+1 Str-2 Int-3}
   (You took it off a naga mage on level 1 of the Snake Pit)

   [ring of protection]

   It affects your AC (+1).
   It affects your strength (-2).
   It affects your intelligence (-3).
   It affects your resistance to hostile enchantments.
   It lets you turn invisible.
 U - the ring of Yredelemnul's Reproof {MP+9 Int+6 Dex+2}
   (You took it off a deep elf sorcerer on level 3 of the Elven Halls)

   [ring of magical power]

   It affects your intelligence (+6).
   It affects your dexterity (+2).
   It affects your magic capacity (+9).
 X - the ring "Rayggeno" {rF+ rN+}
   (You took it off a deep elf mage on level 3 of the Elven Halls)

   [ring of protection from fire]

   It protects you from fire.
   It protects you from negative energy.
 Y - the amulet of Summertime (around neck) {Spirit Fragile Str+8 SInv Stlth+}
   (You bought it in a shop on level 2 of the Lair of Beasts)

   [amulet of guardian spirit]

   It causes incoming damage to be split between your health and magic.
   It affects your strength (+8).
   It lets you see invisible.
   It will be destroyed if unequipped.
   It makes you more stealthy.
Wands
 a - a wand of disintegration (20/24)
 f - a wand of digging (17/24)
 i - a wand of acid (9/15)
 p - a wand of clouds (4/9)
 q - a wand of clouds (2/9)
 t - a wand of clouds (4/9)
 y - a wand of clouds (2/9)
Scrolls
 c - 3 scrolls of silence
 d - 17 scrolls of identify
 e - 35 scrolls of remove curse
 h - 30 scrolls of teleportation
 k - 13 scrolls of amnesia
 l - 5 scrolls of fear
 m - 10 scrolls of magic mapping
 o - 4 scrolls of fog
 r - 2 scrolls of enchant weapon
 x - a scroll of recharging
 T - 12 scrolls of blinking
Books
 j - a book of Battle

   Spells                             Type                      Level
   a - Infusion                       Charms                       1
   b - Shroud of Golubria             Charms/Translocation         2
   c - Song of Slaying                Charms                       2
   d - Spectral Weapon                Hexes/Charms                 3
   e - Regeneration                   Charms/Necromancy            3
Miscellaneous
 u - a fan of gales
 v - a lamp of fire
 G - 2 sacks of spiders


   Skills:
 + Level 21.0 Fighting
 + Level 22.3(22.9) Axes
 - Level 10.7(17.9) Maces & Flails
 - Level 11.0 Throwing
 + Level 18.2 Armour
 + Level 18.0 Dodging
 + Level 18.2 Shields
 - Level 12.8 Spellcasting
 * Level 10.5 Invocations
 - Level 13.1 Evocations


You had 32 spell levels left.
You knew the following spells:

 Your Spells              Type           Power        Failure   Level  Hunger
a - Swiftness             Chrm/Air       #.......     98%         2    N/A
b - Control Undead        Necr           ##........   100%        4    N/A
c - Aura of Abjuration    Summ           #.........   100%        5    N/A
d - Controlled Blink      Tloc           N/A          100%        8    N/A

Dungeon Overview and Level Annotations

Branches:
Dungeon (15/15)            Temple (1/1) D:4            Lair (6/6) D:9
 Shoals (4/4) Lair:4        Snake (4/4) Lair:4          Orc (2/2) D:9
    Elf (3/3) Orc:2        Vaults (5/5) D:14          Crypt (3/3) Vaults:2
   Tomb (0/3) Crypt:3      Depths (5/5) D:15            Zot (5/5) Depths:5
  Slime: Lair:5-6

Altars:
Ashenzari
Dithmenos
Elyvilon
Fedhas
Gozag
Kikubaaqudgha
Makhleb
Qazlal
Trog
Uskayaw
Wu Jian
Xom
Yredelemnul
Zin
The Shining One

Shops:
D:5 ?%!*?   D:6 (   D:8 (   D:9 [   D:11 !*=[   D:12 (   Orc:2 %}[*   Elf:3 }
Lair:1 [   Lair:2 =[(=[[[=?[?   Snake:1 *   Snake:2 (}!*(   Vaults:3 (
Vaults:4 }?%[(   Depths:5 [=:

Portals:
Hell: Lair:6 Depths:1 Depths:2 Depths:3 Depths:4 Depths:5
Abyss: Depths:4 Depths:5
Pandemonium: Depths:3
Ziggurat: Depths:1

Annotations:
Lair:6 exclusion: oklob plant
Elf:2 3 runed doors


Innate Abilities, Weirdness & Mutations

You do not eat or drink.
Your flesh is vulnerable to fire.
You are immune to poison.
Your flesh is cold resistant. (rC+)
You are immune to negative energy. (rN+++)
You are immune to unholy pain and torment.
You can survive without breathing.
You are strongly in touch with the powers of death.


Message History

The orb of fire glows bright magenta.
The fireball explodes!
The fireball engulfs you! You resist.
The fireball engulfs the orb of fire.
The orb of fire completely resists.
The yellow draconian annihilator casts a spell at you.
The crystal spear misses you.
The orb of fire emits a lurid red light.
The fireball explodes!
The fireball engulfs you! You resist.
* * * LOW HITPOINT WARNING * * *
The fireball engulfs the orb of fire.
The orb of fire completely resists.
You hear a shout!
Okay, then.
Unknown command.
As you read the scroll of fog, it crumbles to dust.
The scroll dissolves into smoke.
The yellow draconian annihilator casts a spell at you.
The iron shot hits you!
* * * LOW HITPOINT WARNING * * *
The black draconian stormcaller invokes the aid of Qazlal against you.
Qazlal smites you!
You die...

......##.)..## #.. ....q
###q..###########... ....
##q)))...........# ..^
##.§.l.........# ..
#.)^..........# .
##kq.........#
#.kk§.......#
##.q§*§......##
#...§@§..(....#
#...§§§.......#
#...............#
########.######## ..
###......# . #.#......##
# ####. #.###.####.# # #
##....###.....#....######
#
#.....†...##..#......#...


You could see an orb of fire, a purple draconian monk, a black draconian
stormcaller, a yellow draconian annihilator, a green draconian scorcher, 2 wind
drakes, a lindwurm and a komodo dragon.

Vanquished Creatures
  Tiamat (Zot:5)
  An orb of fire (Zot:5)
  Mara (Depths:4)
  7 ancient liches
  A juggernaut (Depths:2)
  Boris (twice) (Depths:3 Depths:4)
  7 caustic shrikes
  Xtahua (Vaults:2)
  2 curse toes
  6 golden dragons
  3 profane servitors
  19 bone dragons
  3 electric golems
  15 liches
  14 tentacled monstrosities
  2 hellephants
  7 Orb Guardians (Zot:5)
  3 deep elf blademasters
  9 quicksilver dragons
  2 deep elf master archers (Elf:3)
  4 sphinxes
  3 Executioners
  8 death cobs
  5 krakens
  An eldritch tentacle (WizLab)
  40 tentacled starspawn
  10 ancient champions
  6 tengu reavers
  2 revenants
  5 draconian monks
  A daeva (Abyss:4)
  12 shadow dragons
  12 storm dragons
  5 deep elf sorcerers
  7 fire giants
  10 nagarajas
  3 iron dragons
  Ilsuiw (Shoals:4)
  11 frost giants
  2 cacodemons
  Aizul (Snake:2)
  A ghost moth (shapeshifter) (Abyss:5)
  4 ghost moths
  6 draconian scorchers
  7 draconian knights
  A juggernaut zombie (Depths:3)
  An angel (Abyss:5)
  3 deep elf elementalists
  8 ghouls
  9 vault wardens
  6 balrugs
  2 reapers
  5 curse skulls
  12 draconian stormcallers
  2 draconian annihilators
  6 draconian shifters
  2 spriggan defenders
  11 ironheart preservers
  6 stone giants
  26 very ugly things
  A caustic shrike skeleton (Crypt:3)
  7 green draconians
  8 vampire knights
  3 entropy weavers
  14 deep elf demonologists
  A lorocyproca (Abyss:5)
  An ophan (Abyss:5)
  7 purple draconians
  6 deep elf annihilators
  12 yellow draconians
  14 white draconians
  10 black draconians
  12 red draconians
  A dire elephant (Lair:6)
  A green death (Abyss:5)
  8 ettins
  4 spark wasps
  6 blizzard demons
  Snorg (D:14)
  6 eidola
  A crystal guardian (Vaults:3)
  4 merfolk javelineers
  10 merfolk impalers
  12 deep elf death magi
  Josephine (Lair:6)
  13 jiangshi
  3 deep elf high priests (Elf:3)
  9 fire dragons
  Fannar (Orc:1)
  20 rakshasas
  12 great orbs of eyes
  17 ice dragons
  12 vault guards
  17 yaktaur captains
  7 hydras
  2 merfolk avatars
  16 naga warriors
  2 catoblepae
  8 spriggan air magi
  15 centaur warriors
  8 anacondas
  The ghost of zero the Cleaver, a journeyman GrBe of Trog (D:12)
  17 ogre magi
  5 merfolk aquamancers
  A two-headed ogre (shapeshifter) (Abyss:5)
  3 death yaks
  6 satyrs
  6 death knights
  8 deep troll shamans
  10 deep troll earth magi
  2 alligator snapping turtles
  32 two-headed ogres
  Erica (D:10)
  4 tengu warriors
  11 hell hogs
  5 orc high priests
  16 vampire magi
  9 shock serpents
  5 spriggan berserkers
  19 sun demons
  11 naga sharpshooters
  Urug (Lair:5)
  3 soul eaters
  8 hell knights
  124 large abominations
  3 spriggans (Depths:5)
  51 thrashing horrors
  36 wretched stars
  15 skeletal warriors
  A fire crab (shapeshifter) (Abyss:4)
  14 deep elf knights
  11 sixfirhies
  11 spatial maelstroms
  6 shadow wraiths
  10 flayed ghosts
  A golden dragon zombie (Crypt:1)
  5 naga ritualists
  6 salamander mystics
  2 shadow demons (Abyss:5)
  A ghost moth zombie (Abyss:1)
  25 deep trolls
  101 starcursed masses
  13 glowing orange brains
  4 iron trolls
  9 unseen horrors
  23 sea snakes
  18 deep elf archers
  A sea snake (shapeshifter) (Elf:1)
  11 wizards
  19 ironbrand convokers
  19 necromancers
  2 unseen horrors (shapeshifter)
  2 obsidian statues
  A wolf spider zombie (Abyss:4)
  10 phantasmal warriors
  18 orc knights
  The ghost of Yarrmor the Cutter, a novice NaWr (D:5)
  51 ugly things
  20 harpies
  8 wolf spiders
  Pikel (D:9)
  An anaconda skeleton (WizLab)
  A tengu skeleton (Vaults:4)
  An orb spider (Abyss:1)
  8 mana vipers
  9 orc sorcerers
  An iron dragon zombie (Abyss:5)
  61 slime creatures
  A salamander (shapeshifter) (Depths:2)
  15 manticores
  17 salamanders
  An iron dragon skeleton (Crypt:2)
  2 stone giant skeletons
  21 moths of wrath
  44 deep elf magi
  Maurice (D:9)
  5 cyclopes
  8 fauns
  2 shadow dragon skeletons (Crypt:1)
  A rust devil (Abyss:1)
  13 worldbinders
  15 merfolk sirens
  14 elephants
  9 guardian serpents
  5 water nymphs
  15 naga magi
  Joseph (Lair:1)
  3 titan simulacra
  A black mamba (shapeshifter) (Elf:1)
  3 dire elephant zombies
  29 black mambas
  A guardian serpent (shapeshifter) (Vaults:1)
  3 fire giant skeletons
  2 gargoyles
  18 apocalypse crabs
  5 centaur zombies
  15 vault sentinels
  10 orange demons
  5 centaur skeletons
  A frost giant skeleton (Crypt:1)
  50 smoke demons
  5 spectral swamp worms (Depths:4)
  A dire elephant skeleton (Crypt:1)
  9 spiny frogs
  4 efreet
  3 hellions
  8 ice devils
  7 komodo dragons
  A kobold demonologist (Abyss:5)
  66 yaktaurs
  A death yak zombie (Crypt:3)
  3 human zombies
  5 rime drakes
  12 freezing wraiths
  3 tormentors
  2 komodo dragons (shapeshifter)
  2 demonic crawlers (Abyss:5)
  A hydra zombie (Crypt:3)
  10 hellwings
  9 red devils
  A yellow draconian skeleton (Crypt:2)
  2 yaktaurs (shapeshifter)
  37 merfolk
  A silent spectre (Abyss:5)
  A grey draconian skeleton (Crypt:1)
  A queen bee (shapeshifter) (Vaults:2)
  A troll (shapeshifter) (Abyss:5)
  2 jumping spiders (shapeshifter)
  31 ancient zymes
  A polar bear (shapeshifter) (Vaults:2)
  8 trolls
  A red draconian skeleton (Crypt:2)
  A hornet (shapeshifter) (Depths:3)
  A meliai (shapeshifter) (Depths:3)
  2 tengu conjurers
  6 wind drakes
  7 hornets
  A wolf spider simulacrum (Abyss:5)
  An iron dragon simulacrum (Crypt:3)
  33 blink frogs
  A harpy skeleton (Crypt:1)
  A hippogriff (shapeshifter) (Vaults:4)
  A hydra skeleton (Crypt:3)
  A dream sheep (shapeshifter) (Vaults:4)
  An ettin zombie (Crypt:1)
  2 fire giant simulacra
  5 dream sheep (Lair:4)
  A human simulacrum (Vaults:1)
  120 raiju
  A death drake skeleton (Crypt:1)
  16 hippogriffs
  Grinder (D:6)
  2 fire dragon skeletons
  12 snapping turtles
  A black mamba zombie (Abyss:3)
  20 flying skulls
  An ice dragon skeleton (Abyss:1)
  A shock serpent simulacrum (Crypt:1)
  9 air elementals
  5 wyverns
  21 ynoxinuls
  3 redbacks (Vaults:3)
  17 water elementals
  A wyvern (shapeshifter) (Abyss:3)
  8 vampires
  A tarantella (shapeshifter) (D:14)
  2 ettin skeletons (Crypt:1)
  6 fire elementals
  A yak (shapeshifter) (Vaults:4)
  39 yaks
  A spriggan (shapeshifter) (Depths:3)
  14 wraiths
  3 basilisks
  3 fire bats
  2 golden eyes
  2 hungry ghosts
  Grum (D:10)
  2 steam dragons
  A golden eye (shapeshifter) (Abyss:5)
  11 vampire mosquitoes
  18 neqoxecs
  5 wargs
  15 spatial vortices
  20 chaos spawn
  63 nagas
  Edmund (D:5)
  A glowing shapeshifter zombie (Crypt:1)
  6 insubstantial wisps
  2 soldier ants (shapeshifter)
  A spiny frog zombie (Crypt:3)
  8 water moccasins
  A soldier ant (D:12)
  An orb spider zombie (Crypt:2)
  11 hell hounds
  2 floating eyes (shapeshifter)
  A merfolk skeleton (Crypt:2)
  A floating eye (Depths:2)
  6 porcupines
  5 ice beasts
  A monstrous demonspawn skeleton (Crypt:2)
  48 orc warriors
  A necrophage (D:11)
  A sky beast (shapeshifter) (Depths:2)
  A slave (D:9)
  A fire dragon simulacrum (Abyss:2)
  3 phantoms
  3 black bears
  53 small abominations
  2 snapping turtle zombies
  9 eyes of draining
  A black bear (shapeshifter) (Depths:5)
  A hornet zombie (D:12)
  4 human skeletons
  17 boggarts
  4 wolves
  A snapping turtle skeleton (Crypt:2)
  29 ogres
  28 centaurs
  9 crocodiles
  3 big kobolds (D:13)
  19 bullfrogs
  An elf zombie (Elf:1)
  A merfolk simulacrum (Crypt:1)
  4 earth elementals
  A wyvern zombie (Crypt:3)
  7 scorpions
  A water moccasin skeleton (Crypt:1)
  A warg skeleton (Crypt:3)
  28 killer bees
  A manticore simulacrum (Crypt:1)
  13 wights
  A howler monkey (D:13)
  3 electric eels
  9 crimson imps
  2 bullfrog zombies
  4 quasits
  6 hounds
  26 orc priests
  An iron imp (Abyss:1)
  5 jellies
  3 bullfrog skeletons
  Jessica (D:2)
  2 iguanas
  10 worker ants
  33 orc wizards
  6 lightning spires (Abyss:4)
  A troll simulacrum (Crypt:3)
  An ogre zombie (Abyss:4)
  2 hound zombies
  A big kobold skeleton (Crypt:1)
  An ogre skeleton (Crypt:2)
  A hound skeleton (D:9)
  Robin (D:2)
  3 gnolls
  3 worker ant zombies
  12 adders
  A steam dragon zombie (Crypt:1)
  2 shadow imps
  6 white imps
  4 ufetubi
  6 oozes
  An adder zombie (D:2)
  A lava snake zombie (Crypt:3)
  2 adder skeletons
  5 worms
  A barachi skeleton (Crypt:2)
  A dart slug (D:1)
  2 leopard geckos
  133 orcs
  A ball python (D:6)
  9 bats
  A bat skeleton (D:2)
  2 bat zombies (D:2)
  7 giant cockroaches
  A gnoll zombie (Crypt:1)
  17 goblins
  15 hobgoblins
  8 jackals
  32 kobolds
  8 quokkas
  3 frilled lizards
  A kobold skeleton (Crypt:1)
  3 leopard gecko zombies
  2 quokka skeletons
  6 rats
  7 lurking horrors
  11 plants
  46 starspawn tentacles
  18 tentacles
3540 creatures vanquished.

Vanquished Creatures (others)
  Margery (Depths:2)
  Nikola (Vaults:3)
  An ancient champion (Crypt:2)
  A draconian shifter (Zot:4)
  A draconian stormcaller (Zot:4)
  A green draconian (Zot:4)
  An ogre mage (Depths:3)
  8 dancing weapons
  2 hell hogs (Abyss:3)
  A wretched star (Abyss:4)
  A glowing orange brain (Vaults:3)
  A yak (Lair:6)
  A neqoxec (Abyss:5)
  An orc warrior (Vaults:3)
  3 slaves (D:9)
  An ogre (D:9)
  A small abomination (Abyss:4)
  A crocodile (Lair:6)
  A bullfrog (Abyss:4)
  A killer bee (D:9)
  An orc wizard (Orc:1)
  9 fungi
  6 lurking horrors
  22 plants
  70 starspawn tentacles
  24 tentacles
  A withered plant (D:15)
163 creatures vanquished.

Grand Total: 3703 creatures vanquished

Notes
Turn   | Place    | Note
-------+----------+-------------------------------------------
     0 | D:1      | Hasart the Mummy Fighter began the quest for the Orb.
     0 | D:1      | Reached XP level 1. HP: 18/18 MP: 1/1
    64 | D:1      | Reached XP level 2. HP: 22/24 MP: 2/2
   583 | D:2      | Reached XP level 3. HP: 26/29 MP: 3/3
   879 | D:2      | Reached XP level 4. HP: 30/35 MP: 4/4
  1228 | D:2      | Noticed Jessica
  1235 | D:2      | Killed Jessica
  1461 | D:2      | Noticed Robin
  1494 | D:2      | Reached XP level 5. HP: 38/41 MP: 5/5
  1523 | D:2      | Killed Robin
  1923 | D:2      | Found a stormy altar of Qazlal.
  2434 | D:3      | Reached skill level 1 in Axes
  2845 | D:4      | Found an ancient bone altar of Kikubaaqudgha.
  2912 | D:4      | Reached skill level 2 in Axes
  2912 | D:4      | Reached XP level 6. HP: 42/47 MP: 6/6
  3672 | D:4      | Found a staircase to the Ecumenical Temple.
  3698 | Temple   | Entered the Ecumenical Temple
  3714 | Temple   | Became a worshipper of Gozag Ym Sagoz the Greedy
  3828 | D:5      | Entered Level 5 of the Dungeon
  3847 | D:5      | Reached skill level 3 in Axes
  4313 | D:5      | Reached skill level 4 in Axes
  4313 | D:5      | Reached XP level 7. HP: 52/52 MP: 7/7
  4416 | D:5      | Found Cylikuog's Magic Scroll Shoppe.
  4429 | D:5      | Noticed Edmund
  4449 | D:5      | Killed Edmund
  4525 | D:5      | Reached skill level 5 in Axes
  4761 | D:5      | Reached skill level 6 in Axes
  4814 | D:5      | Reached XP level 8. HP: 54/58 MP: 8/8
  4817 | D:5      | Noticed Yarrmor's ghost (novice NaWr)
  4826 | D:5      | Found Zieclye's Magic Scroll Shop.
  4934 | D:5      | Found Jeup's Distillery.
  4937 | D:5      | Found Tishouron's Food Emporium.
  4939 | D:5      | Noticed Grinder
  5138 | D:5      | Paralysed by Grinder for 4 turns
  5404 | D:6      | Reached skill level 1 in Dodging
  5404 | D:6      | Reached skill level 1 in Evocations
  5436 | D:6      | Found Fubun's Antique Weapon Emporium.
  5446 | D:6      | Bought an encrusted whip for 142 gold pieces
  5446 | D:6      | Identified the cursed +1 whip of Past Mistakes {flame, Int+8} (You bought it in a shop on level 6 of the Dungeon)
  5457 | D:6      | Found a shimmering altar of Xom.
  6129 | D:6      | Paralysed by Grinder for 6 turns
  6136 | D:6      | Reached skill level 7 in Axes
  6136 | D:6      | Reached XP level 9. HP: 51/65 MP: 10/10
  6138 | D:6      | Paralysed by Grinder for 5 turns
  6150 | D:6      | Killed Grinder
  6514 | D:5      | Found Cesant's Assorted Antiques.
  6517 | D:5      | Bought a garnet-encrusted chain mail for 190 gold pieces
  6517 | D:5      | Bought a scroll labeled JAKLAY VYERI for 20 gold pieces
  6528 | D:5      | Identified the cursed +0 chain mail of Lates {rPois Str+3 SInv} (You bought it in a shop on level 5 of the Dungeon)
  6553 | D:5      | Killed Yarrmor's ghost
  7627 | D:7      | Found a glowing golden altar of the Shining One.
  7663 | D:7      | Reached skill level 5 in Fighting
  8274 | D:8      | Reached XP level 10. HP: 74/74 MP: 12/12
  8493 | D:8      | Found Morememp's Antique Weapon Shoppe.
  8496 | D:8      | Bought a runed broad axe for 189 gold pieces
  8524 | D:8      | Noticed a two-headed ogre
  8688 | D:8      | Killed a two-headed ogre
  8980 | D:9      | Noticed Pikel
  8999 | D:9      | Killed Pikel
  9140 | D:9      | Noticed Maurice
  9144 | D:10     | Entered Level 10 of the Dungeon
  9151 | D:10     | Reached skill level 5 in Armour
  9163 | D:10     | Reached skill level 5 in Shields
  9367 | D:10     | Reached skill level 8 in Axes
  9409 | D:10     | Noticed Grum
  9460 | D:9      | Killed Maurice
  9479 | D:9      | Bought a +0 helmet of see invisible for 172 gold pieces
  9751 | D:9      | Found a staircase to the Lair.
  9971 | D:9      | Reached XP level 11. HP: 48/83 MP: 8/14
 10186 | D:9      | Found a staircase to the Orcish Mines.
 10442 | D:9      | You fall through a shaft!
 10579 | D:10     | Killed Grum
 10721 | D:10     | Noticed Erica
 10884 | D:10     | Killed Erica
 11017 | D:10     | Reached skill level 5 in Dodging
 11145 | D:10     | Reached skill level 5 in Evocations
 11945 | D:11     | Noticed an unseen horror
 11953 | D:11     | Killed an unseen horror
 11998 | D:11     | Found Bippaen's Distillery.
 12002 | D:11     | Found Quixkeol's Jewellery Shoppe.
 12170 | D:11     | Noticed a five-headed hydra
 12232 | Orc:1    | Entered Level 1 of the Orcish Mines
 12232 | Orc:1    | Noticed an orc high priest
 12293 | Lair:1   | Entered Level 1 of the Lair of Beasts
 12568 | Lair:1   | Reached skill level 9 in Axes
 12699 | Lair:1   | Noticed Joseph
 12713 | Lair:1   | Killed Joseph
 13035 | Lair:1   | Reached XP level 12. HP: 83/92 MP: 14/16
 13038 | Lair:1   | Bought a +2 pair of gloves of strength for 279 gold pieces
 16011 | Lair:4   | Reached skill level 10 in Axes
 16326 | Lair:4   | Identified a scroll of acquirement
 16333 | Lair:4   | Found a staircase to the Snake Pit.
 16364 | Lair:4   | Found a staircase to the Shoals.
 16533 | Lair:5   | Noticed a seven-headed hydra
 16774 | Lair:5   | Reached skill level 5 in Maces & Flails
 16878 | Lair:5   | Killed a seven-headed hydra
 17197 | Lair:5   | Noticed Urug
 17216 | Lair:5   | Killed Urug
 17216 | Lair:5   | Gained mutation: You are in touch with the powers of death. [Mummy growth]
 17216 | Lair:5   | Reached XP level 13. HP: 99/99 MP: 17/17
 18432 | Lair:6   | Entered Level 6 of the Lair of Beasts
 18494 | Lair:6   | Noticed Josephine
 19639 | Lair:1   | Bought the +14 gold dragon scales of Lexets {+Blink +Fly rPois rF+ rC+ MP+9 SInv} for 1991 gold pieces
 19861 | Lair:6   | Killed Josephine
 20423 | Lair:6   | Reached XP level 14. HP: 98/109 MP: 19/19
 20879 | Lair:6   | Found a burning altar of Makhleb.
 21068 | Lair:6   | Found a gateway to Hell.
 21517 | Lair:6   | Got a polished chain mail
 21518 | Lair:6   | Identified the +1 chain mail of Himilach {rN+ Int+2} (You found it on level 6 of the Lair of Beasts)
 21745 | Orc:1    | Found Iqugir Ahum's Quality Used Wands.
 21897 | Orc:2    | Entered Level 2 of the Orcish Mines
 21910 | Orc:1    | Reached skill level 10 in Fighting
 22115 | Orc:1    | Noticed Fannar
 22131 | Orc:1    | Killed Fannar
 22896 | Orc:2    | Found Jauhupti's Assorted Antiques.
 22896 | Orc:2    | Found Kuch's Food Boutique.
 22900 | Orc:2    | Found Osutotox's Armour Emporium.
 22900 | Orc:2    | Found Josieda's Gadget Boutique.
 22926 | Orc:2    | Bought a scroll of magic mapping for 94 gold pieces
 22928 | Orc:2    | Bought a +1 cloak of invisibility for 231 gold pieces
 22929 | Orc:2    | Bought a fan of gales for 680 gold pieces
 23015 | Orc:2    | Found a staircase to the Elven Halls.
 23158 | Lair:2   | Bought the ring of Raes {rElec Slay+2} for 420 gold pieces
 23343 | D:11     | Found Tucs's Assorted Antiques.
 23348 | D:11     | Found Joij's Antique Armour Shoppe.
 23550 | D:12     | Noticed zero's ghost (journeyman GrBe)
 23600 | D:12     | Killed zero's ghost
 24121 | D:12     | Found Liocho's Weapon Shoppe.
 24291 | D:13     | Found a flagged portal.
 24553 | Bailey   | Entered a bailey
 24735 | Bailey   | Reached XP level 15. HP: 113/117 MP: 21/21
 25865 | D:14     | Noticed Snorg
 25879 | D:14     | Killed Snorg
 26082 | D:14     | Found a gate to the Vaults.
 26615 | D:14     | You fall through a shaft!
 26615 | D:15     | Entered Level 15 of the Dungeon
 26711 | D:15     | Found a staircase to the Depths.
 26979 | D:15     | Reached skill level 10 in Maces & Flails
 27173 | D:15     | Found a basalt altar of Yredelemnul.
 27867 | Snake:1  | Entered Level 1 of the Snake Pit
 28015 | Snake:1  | Reached XP level 16. HP: 123/125 MP: 22/22
 28235 | Snake:1  | Got a twitching steel ring
 28239 | Snake:1  | Identified the ring of Myemo {+Inv MR+++ AC+1 Str-2 Int-3} (You took it off a naga mage on level 1 of the Snake Pit)
 28500 | Snake:1  | Found Eecebasi's Eclectic Emporium.
 28703 | Snake:2  | Found Cawustur's General Store.
 28704 | Snake:2  | Found Coschis's Distillery.
 28704 | Snake:2  | Found Jothriev's Gadget Shop.
 28707 | Snake:2  | Found Katinan's Weapon Shop.
 28740 | Snake:2  | Found Noiciopp's Antique Weapon Shoppe.
 28765 | Snake:2  | Bought the +8 mithril axe "Arga" {speed, MR+} for 2002 gold pieces
 28765 | Snake:2  | Found the +8 mithril axe "Arga" {speed, MR+}
 28788 | Snake:2  | Noticed Aizul
 28810 | Snake:2  | Killed Aizul
 28910 | Snake:2  | Found a glowing golden altar of the Shining One.
 29347 | Snake:3  | Reached skill level 10 in Shields
 29561 | Snake:3  | Reached skill level 10 in Armour
 30533 | Snake:4  | Entered Level 4 of the Snake Pit
 31020 | Snake:4  | Reached skill level 10 in Evocations
 31125 | Snake:4  | Reached skill level 11 in Axes
 31135 | Snake:4  | Reached XP level 17. HP: 60/133 MP: 19/24
 31448 | Snake:4  | Reached skill level 10 in Dodging
 32702 | Snake:4  | Got a serpentine rune of Zot
 33134 | Lair:2   | Bought a glowing large shield for 262 gold pieces
 33134 | Lair:2   | Bought a pair of brightly glowing gloves for 332 gold pieces
 33146 | Lair:2   | Identified the +1 pair of gloves "Daet" {+Fly rC- Regen+ Int+4} (You bought it in a shop on level 2 of the Lair of Beasts)
 33270 | Shoals:1 | Entered Level 1 of the Shoals
 34041 | Shoals:2 | Reached skill level 12 in Axes
 34428 | Shoals:2 | Noticed a kraken
 34455 | Shoals:2 | Noticed a kraken
 34476 | Shoals:2 | Killed a kraken
 34476 | Shoals:2 | Reached XP level 18. HP: 142/142 MP: 26/26
 35627 | Shoals:4 | Entered Level 4 of the Shoals
 35627 | Shoals:4 | Noticed Ilsuiw
 36119 | Shoals:4 | Killed Ilsuiw
 36581 | Shoals:4 | Got a barnacled rune of Zot
 36749 | Shoals:4 | Reached skill level 13 in Axes
 37459 | Lair:2   | Bought the amulet of Summertime {Spirit Fragile Str+8 SInv Stlth+} for 662 gold pieces
 37645 | Depths:1 | Entered Level 1 of the Depths
 37836 | Depths:1 | Reached XP level 19. HP: 147/150 MP: 23/27
 38359 | Depths:1 | Found a shattered altar of Ashenzari.
 38390 | Depths:1 | Noticed a lich
 38404 | Depths:1 | Killed a lich
 38496 | Depths:1 | Found a gateway to a ziggurat.
 38853 | Depths:2 | Paralysed by a floating eye for 2 turns
 38894 | Depths:2 | Found a flickering gateway to a bazaar.
 38923 | Bazaar   | Entered a bazaar
 38923 | Bazaar   | Found Uthudul's Book Shoppe.
 38923 | Bazaar   | Found Ysaileak's General Store.
 38923 | Bazaar   | Found Tomurghe's Armour Shoppe.
 38923 | Bazaar   | Found Eveok's Armour Shop.
 38974 | Bazaar   | Bought a scroll of enchant armour for 97 gold pieces
 38974 | Bazaar   | Bought a scroll of magic mapping for 45 gold pieces
 38974 | Bazaar   | Bought a scroll of remove curse for 39 gold pieces
 38974 | Bazaar   | Bought a scroll of magic mapping for 45 gold pieces
 38988 | Bazaar   | Bought a book of the Warp for 1170 gold pieces
 39938 | Depths:2 | Noticed a juggernaut
 40354 | Depths:2 | Killed a juggernaut
 40366 | Depths:2 | Reached skill level 14 in Axes
 40797 | Depths:3 | Noticed Margery
 40814 | Depths:2 | Killed Margery
 41054 | Elf:1    | Entered Level 1 of the Elven Halls
 41067 | Elf:1    | Reached XP level 20. HP: 136/159 MP: 28/28
 41575 | Elf:1    | Identified the Guide on Sinister Rites
 42180 | Elf:2    | Found a runed gate.
 42182 | Elf:2    | Found a runed gate.
 42183 | Elf:2    | Found a runed gate.
 42732 | Elf:3    | Entered Level 3 of the Elven Halls
 42906 | Elf:3    | Found Qepsies's Gadget Shoppe.
 43713 | Elf:3    | Got a pair of fine gloves
 43724 | Elf:3    | Identified the +0 pair of gloves "Faclus" {Regen+ Dex+2 Stlth+} (You acquired it on level 3 of the Elven Halls)
 44210 | Elf:3    | Got a wavering ivory ring
 44218 | Elf:3    | Got a fine ivory ring
 44278 | Elf:3    | Identified the Collected Works on the Floating Snowflakes
 44283 | Elf:3    | Identified the Catalogue of Feathery Attacks
 44289 | Elf:3    | Identified the Volume of Mutagenic Contamination
 44315 | Elf:3    | Identified the Volume of Sinister Arts
 44322 | Elf:3    | Identified Geirgh's Witchcraft, Part Four
 44358 | Elf:3    | Identified the Grimoire of the Volcanoes
 44438 | Elf:3    | Identified the Incunabulum of Saltpetre
 44457 | Elf:3    | Identified the ring of Yredelemnul's Reproof {MP+9 Int+6 Dex+2} (You took it off a deep elf sorcerer on level 3 of the Elven Halls)
 44458 | Elf:3    | Identified the ring "Rayggeno" {rF+ rN+} (You took it off a deep elf mage on level 3 of the Elven Halls)
 44712 | Lair:2   | Learned a level 2 spell: Swiftness
 44717 | Lair:2   | Learned a level 4 spell: Control Undead
 44723 | Lair:2   | Learned a level 5 spell: Aura of Abjuration
 44732 | Lair:2   | Learned a level 8 spell: Controlled Blink
 44856 | Vaults:1 | Entered Level 1 of the Vaults
 45076 | Vaults:1 | Reached skill level 15 in Axes
 45144 | Vaults:1 | Reached XP level 21. HP: 167/167 MP: 30/30
 45856 | Vaults:1 | Reached skill level 15 in Fighting
 46799 | Vaults:2 | Noticed Xtahua
 46812 | Vaults:2 | Killed Xtahua
 47547 | Vaults:2 | Found a staircase to the Crypt.
 47683 | Vaults:3 | Found Ycautula's Antique Weapon Shop.
 47706 | Vaults:3 | Noticed Nikola
 47728 | Vaults:3 | Killed Nikola
 47869 | Vaults:3 | Found a magical portal.
 47878 | WizLab   | Entered The Roulette of Golubria
 47878 | WizLab   | Found a transporter.
 47889 | WizLab   | Found a corrupted altar of Lugonu.
 47890 | WizLab   | Found the +1 cloak of Starlight {rElec rC+ EV+4 Stlth--}
 47934 | WizLab   | Found a transporter.
 47965 | WizLab   | Found a transporter.
 48016 | WizLab   | Found a transporter.
 48053 | WizLab   | Found a transporter.
 48110 | WizLab   | Found a transporter.
 48131 | WizLab   | Found a transporter.
 48134 | WizLab   | Found a transporter.
 48170 | WizLab   | Found a transporter.
 48199 | WizLab   | Found a transporter.
 48199 | WizLab   | Found a transporter.
 48225 | WizLab   | Found a transporter.
 48225 | WizLab   | Found a transporter.
 48242 | WizLab   | Cast into level 2 of the Abyss (rakshasa)
 48242 | Abyss:2  | Found a corrupted altar of Lugonu.
 48414 | Abyss:2  | Reached XP level 22. HP: 176/176 MP: 31/31
 48417 | Abyss:2  | Found a roughly hewn altar of Beogh.
 48426 | WizLab   | Escaped the Abyss
 48522 | WizLab   | Found a transporter.
 48522 | WizLab   | Found a transporter.
 48544 | WizLab   | Identified Golubria's Papyrus of the Compass
 48559 | WizLab   | Found a transporter.
 48599 | WizLab   | Found a transporter.
 48599 | WizLab   | Found a transporter.
 48660 | WizLab   | Found a transporter.
 48660 | WizLab   | Found a transporter.
 48684 | WizLab   | Got a fine cloak
 48697 | WizLab   | Got a jewelled cloak
 48704 | WizLab   | Got an ichor-stained cloak
 48750 | WizLab   | Identified the +2 cloak of the Bulwark {rN+ Str+4 Dex+2 Stlth+} (You found it in a wizard's laboratory)
 48760 | WizLab   | Identified the +0 cloak of Qoorchepnu {rCorr Int-4 Slay+5} (You found it in a wizard's laboratory)
 48770 | WizLab   | Identified the +1 cloak of the Garden {Dex+4} (You found it in a wizard's laboratory)
 48834 | Vaults:3 | Reached skill level 16 in Axes
 48956 | Vaults:3 | Reached skill level 1 in Throwing
 50689 | Vaults:4 | Found Qomih's Weapon Emporium.
 50691 | Vaults:4 | Found Areudgh's Armour Shop.
 50716 | Vaults:4 | Bought the -2 hat of the Alchemist {rElec rPois rF+ rC+ rN+ MR+ rMut rCorr} for 802 gold pieces
 50716 | Vaults:4 | Found the -2 hat of the Alchemist {rElec rPois rF+ rC+ rN+ MR+ rMut rCorr}
 50829 | Vaults:4 | Found Oplodoh's Food Emporium.
 50995 | Vaults:4 | Found Ylozuj's Gadget Shop.
 51045 | Vaults:4 | Found Gopsis's Magic Scroll Shoppe.
 51048 | Vaults:4 | Bought a scroll of teleportation for 45 gold pieces
 51048 | Vaults:4 | Bought a scroll of teleportation for 45 gold pieces
 51048 | Vaults:4 | Bought a scroll of magic mapping for 52 gold pieces
 51130 | Vaults:5 | Entered Level 5 of the Vaults
 51223 | Crypt:1  | Entered Level 1 of the Crypt
 51301 | Crypt:1  | Reached skill level 5 in Throwing
 51569 | Crypt:1  | Got a steaming plate armour
 51570 | Crypt:1  | Identified the +0 plate armour "Ficameff" {-Tele rPois rC+++ Dex+2} (You found it on level 1 of the Crypt)
 51989 | Crypt:1  | Reached XP level 23. HP: 177/184 MP: 32/32
 52477 | Crypt:2  | Found a transporter.
 52498 | Crypt:2  | Found a transporter.
 53196 | Crypt:3  | Entered Level 3 of the Crypt
 53263 | Crypt:3  | Reached skill level 17 in Axes
 53542 | Crypt:3  | Found a staircase to the Tomb.
 54025 | Crypt:3  | Found an ancient bone altar of Kikubaaqudgha.
 54051 | Crypt:3  | Found a basalt altar of Yredelemnul.
 54103 | Crypt:3  | Got a smoking crystal amulet
 54114 | Crypt:3  | Got a glittering amber ring
 54114 | Crypt:3  | Got a shimmering platinum ring
 54117 | Crypt:3  | Identified the ring of Fithraom {rN+ Dex+2} (You found it on level 3 of the Crypt)
 54118 | Crypt:3  | Identified the ring "Ufiril" {rN+ MR+ Str-5 Stlth+} (You found it on level 3 of the Crypt)
 54119 | Crypt:3  | Identified the amulet of Zolaghu {*Contam +Fly rPois MR+ Regen+} (You found it on level 3 of the Crypt)
 54168 | Crypt:3  | Got a steaming brass ring
 54169 | Crypt:3  | Identified the ring of Symmetry {rPois rC+} (You found it on level 3 of the Crypt)
 54772 | Depths:3 | Found a one-way gate leading to the halls of Pandemonium.
 55163 | Depths:3 | Noticed Boris
 55183 | Depths:3 | Killed Boris
 55183 | Depths:3 | Reached XP level 24. HP: 193/193 MP: 32/32
 55452 | Lair:2   | Bought a pair of polished boots for 351 gold pieces
 55457 | Lair:2   | Identified the +1 pair of boots "Ykhotoari" {rElec MP+9 Int+2} (You bought it in a shop on level 2 of the Lair of Beasts)
 55459 | Lair:2   | Bought a scroll of acquirement for 1040 gold pieces
 55461 | Lair:2   | Got a bloodstained helmet
 55462 | Lair:2   | Identified the +4 helmet of the Lute {rF++ Str-5 Slay+3 Stlth+} (You acquired it on level 2 of the Lair of Beasts)
 55472 | Lair:2   | Bought a scroll of acquirement for 1092 gold pieces
 55472 | Lair:2   | Bought a scroll of acquirement for 1092 gold pieces
 55474 | Lair:2   | Got a pair of warped gloves
 55477 | Lair:2   | Identified the +2 pair of gloves of Mental Paralysis {+Blink} (You acquired it on level 2 of the Lair of Beasts)
 55697 | Depths:4 | Found a hide-covered altar of Uskayaw.
 55697 | Depths:4 | Noticed Mara
 55747 | Depths:4 | Noticed Hasart's illusion
 55800 | Depths:4 | Killed Mara
 56196 | Depths:3 | Noticed an ancient lich
 56209 | Depths:3 | Killed an ancient lich
 56231 | Depths:3 | Reached skill level 18 in Axes
 56264 | Depths:3 | Identified Sif Muna's Compendium of Flamy Augmentations
 56415 | Depths:3 | Reached skill level 10 in Throwing
 57126 | Depths:4 | Noticed Boris
 57240 | Depths:4 | Killed Boris
 57251 | Depths:4 | Reached XP level 25. HP: 158/202 MP: 32/32
 57262 | Depths:4 | Reached skill level 15 in Armour
 57518 | Depths:4 | Found a one-way gate to the infinite horrors of the Abyss.
 57771 | Depths:5 | Entered Level 5 of the Depths
 57805 | Depths:5 | Reached skill level 15 in Shields
 57898 | Depths:5 | Found a gate to the Realm of Zot.
 58001 | Depths:5 | Found a blossoming altar of Fedhas.
 58097 | Depths:5 | Found a glowing golden altar of the Shining One.
 58128 | Depths:5 | Found Qory's Book Shoppe.
 58128 | Depths:5 | Found Hirgh's Jewellery Emporium.
 58131 | Depths:5 | Found Nyosaij's Armour Shoppe.
 58154 | Depths:5 | Found a flickering gateway to a bazaar.
 58163 | Bazaar   | Entered a bazaar
 58163 | Bazaar   | Found Vana's Weapon Shoppe.
 58172 | Bazaar   | Found Oxuytaqu's Assorted Antiques.
 58188 | Bazaar   | Found Maaclyso's Book Shop.
 58194 | Bazaar   | Found Pyraff's Antique Weapon Emporium.
 58869 | Depths:5 | Voluntarily entered the Abyss.
 58907 | Abyss:1  | Found a corrupted altar of Lugonu.
 59096 | Abyss:1  | Reached skill level 1 in Spellcasting
 59145 | Abyss:1  | Reached skill level 15 in Dodging
 59609 | Abyss:1  | Reached skill level 19 in Axes
 61082 | Abyss:3  | Noticed an ancient lich
 61099 | Abyss:3  | Killed an ancient lich
 61099 | Abyss:3  | Gained mutation: You are strongly in touch with the powers of death. [Mummy growth]
 61099 | Abyss:3  | Reached XP level 26. HP: 207/211 MP: 32/32
 61134 | Abyss:3  | Reached skill level 5 in Spellcasting
 61728 | Abyss:3  | Found a corrupted altar of Lugonu.
 61890 | Abyss:3  | Found a corrupted altar of Lugonu.
 62137 | Abyss:3  | Found a corrupted altar of Lugonu.
 62860 | Abyss:3  | Paralysed by accursed screaming for 2 turns
 63508 | Abyss:4  | Reached skill level 20 in Axes
 63758 | Abyss:4  | Found a basalt altar of Yredelemnul.
 63862 | Abyss:4  | Reached XP level 27. HP: 194/219 MP: 35/35
 63887 | Abyss:4  | Got an abyssal rune of Zot
 63891 | Abyss:4  | Noticed an ancient lich
 63917 | Abyss:4  | Killed an ancient lich
 64225 | Abyss:5  | Entered Level 5 of the Abyss
 64369 | Abyss:5  | Noticed an ancient lich
 64383 | Abyss:5  | Killed an ancient lich
 64546 | Abyss:5  | Found a corrupted altar of Lugonu.
 64633 | Abyss:5  | Reached skill level 10 in Spellcasting
 64721 | Abyss:5  | Paralysed by accursed screaming for 1 turns
 64974 | Abyss:5  | Paralysed by accursed screaming for 2 turns
 64979 | Abyss:5  | Paralysed by accursed screaming for 2 turns
 64986 | Abyss:5  | Paralysed by accursed screaming for 2 turns
 64993 | Abyss:5  | Paralysed by accursed screaming for 2 turns
 64999 | Depths:5 | Escaped the Abyss
 65131 | Depths:5 | Voluntarily entered the Abyss.
 65168 | Abyss:1  | Noticed an ancient lich
 65196 | Abyss:1  | Killed an ancient lich
 65196 | Abyss:1  | Reached skill level 21 in Axes
 65591 | Abyss:4  | Paralysed by accursed screaming for 1 turns
 65606 | Abyss:4  | Paralysed by accursed screaming for 2 turns
 65736 | Abyss:5  | Entered Level 5 of the Abyss
 65883 | Abyss:5  | Noticed an ancient lich
 65909 | Abyss:5  | Killed an ancient lich
 65926 | Abyss:5  | Paralysed by accursed screaming for 2 turns
 66194 | Abyss:5  | Found a runed door.
 66242 | Abyss:5  | Paralysed by you for 5 turns
 66722 | Depths:5 | Escaped the Abyss
 66970 | Lair:2   | Bought a +0 pair of boots of running for 409 gold pieces
 67032 | Lair:2   | Bought a polished plate armour for 1288 gold pieces
 67032 | Lair:2   | Identified the +4 plate armour of Least Resistance {*Drain rC+ rN+ Dex+5} (You bought it in a shop on level 2 of the Lair of Beasts)
 67204 | Lair:6   | Fell from the grace of Gozag
 67204 | Lair:6   | Became a worshipper of Makhleb the Destroyer
 67580 | Depths:4 | Voluntarily entered the Abyss.
 67584 | Abyss:1  | Noticed an ancient lich
 67601 | Abyss:1  | Reached skill level 1 in Invocations
 67609 | Abyss:1  | Killed an ancient lich
 67611 | Abyss:1  | Paralysed by accursed screaming for 2 turns
 67616 | Depths:4 | Escaped the Abyss
 67867 | Zot:1    | Entered Level 1 of the Realm of Zot
 68149 | Zot:1    | Reached * piety under Makhleb
 68459 | Zot:2    | Reached skill level 5 in Invocations
 68703 | Zot:2    | Reached ** piety under Makhleb
 69311 | Zot:2    | Reached skill level 22 in Axes
 69658 | Zot:3    | Reached *** piety under Makhleb
 70341 | Zot:3    | Paralysed by you for 6 turns
 70643 | Zot:3    | Paralysed by you for 7 turns
 71532 | Zot:4    | Reached **** piety under Makhleb
 72182 | Zot:5    | Entered Level 5 of the Realm of Zot
 72774 | Zot:5    | Noticed Tiamat
 72818 | Zot:5    | Killed Tiamat
 72818 | Zot:5    | Reached skill level 10 in Invocations
 72932 | Zot:5    | Noticed an orb of fire
 72938 | Zot:5    | Reached ***** piety under Makhleb
 72957 | Zot:5    | Noticed an orb of fire
 72957 | Zot:5    | Killed an orb of fire
 72971 | Zot:5    | HP: 3/228 [yellow draconian annihilator/iron shot (36)]
 72971 | Zot:5    | Killed from afar by a black draconian stormcaller

Vault maps used:
D:1:      minmay_arrival_statue_studded, minmay_surrounded
D:2:      grunt_qazlal_sundering, serial_undead, serial_undead_e,
          serial_undead_b, serial_undead_e, serial_undead_b, serial_undead_f,
          serial_undead_d, serial_undead_c, serial_undead_a, serial_undead_f,
          serial_undead_c, minmay_splitting_lines, uniq_jessica, uniq_robin
D:4:      minmay_door_path, kiku_gazebo_pond_becter,
          minmay_temple_entry_enclosed_plants
D:5:      serial_shops, kennysheep_mini_moat, shop, nicolae_shop_stone, shop,
          shop, first_bread, uniq_edmund, uniq_grinder
D:6:      xom_teletrap_fun, serial_shops, nicolae_shop_crystal
D:7:      tso_oasis_becter
D:8:      serial_shops, nicolae_shop_behind_doors
D:9:      lair_entry_dummy, orc_0_dummy, solitary_fountain, uniq_pikel,
          uniq_maurice
D:10:     uniq_erica, uniq_grum
D:11:     minmay_cut_squares, serial_shops, shop, shop,
          nicolae_shop_statue_plus, shop
D:12:     serial_shops, shop, hangedman_pestilent_swarm
D:13:     enter_bailey_2
D:14:     grunt_vaults_entry_fortified, uniq_snorg
D:15:     grunt_enter_depths_magical_seal, yredelemnul_altar_generic
Temple:   compressed_dpeg_circular_temple
Lair:1:   nicolae_quartered_pool_medium, serial_bayou_pond_e, uniq_joseph
Lair:2:   lemuel_fruit_tree
Lair:3:   lemuel_fruit_fields, serial_bayou_shore_b, serial_bayou_shore_b,
          lemuel_fruit_fields
Lair:4:   minmay_shoals_entry_hut, dummy_snake_entry
Lair:5:   uniq_urug
Lair:6:   evil_forest, minmay_slime_entry_oklob_enclosed, minivault_24,
          grunt_forest_stairs_basic, serial_bayou_shore_b, grunt_megastairs_3,
          uniq_josephine
Shoals:2: nicolae_shoals_kraken_party
Shoals:4: shoals_end_grunt_ice, shoals_ilsuiw_alternative
Snake:1:  hangedman_snake_pattern, nicolae_snake_serpentine_hallways,
          nicolae_alphabet_shops
Snake:2:  basic_altar, serial_shops, shop, grunt_ministairs_12,
          serial_bayou_shore_b, minmay_shoptagon, serial_bayou_shore_b,
          uniq_aizul
Snake:4:  grunt_snake_rune_pools
Orc:1:    nicolae_for_you_no_charge, uniq_fannar
Orc:2:    grunt_orc_tribal_feast
Elf:1:    elf_arrival_002, minmay_elf_necromancy, minivault_11
Elf:3:    elf_hall, serial_shops, shop, serial_glass, glass_columns_a,
          glass_columns_a, minmay_misc_feat_columns
Vaults:1: hangedman_vaults_slice, v_pattern_2, nicolae_vaults_network_star,
          st_spiral_rooms, nicolae_vaults_network_quincunx,
          hangedman_vaults_stretched_pinwheel, v_misc_27, vaults_room_door_hall,
          ontoclasm_vaults_loading_screen
Vaults:2: vaults_room_hallway, hangedman_vaults_impose,
          nicolae_vaults_ring_of_whatevers, v_misc_27,
          nicolae_vaults_network_barrier, vaults_room_door_hall,
          hangedman_vaults_hat, nicolae_vaults_little_squares_3, v_misc_17,
          vaults_room_hallway, nicolae_vaults_little_squares_2,
          vaults_dpeg_encased_lava, ontoclasm_vaults_gateway,
          blue_anna_dwarven_crypt, uniq_xtahua
Vaults:3: vaults_mumra_chevron_long, hangedman_vaults_maws,
          nicolae_vaults_diagonal_hallway_8, v_misc_14, vaults_room_pools,
          hangedman_vaults_stitches, v_misc_2, nicolae_vaults_ring_of_whatevers,
          serial_shops, nicolae_shop_temple_entry_statues_fountains,
          mu_enter_wizlab_3, uniq_nikola
Vaults:4: nicolae_vaults_triangles, nicolae_vaults_stairing_the_circle,
          nicolae_vaults_know_your_exits, nicolae_vaults_little_ls, v_misc_14,
          hangedman_vaults_restitches, v_misc_18, hangedman_vaults_restitches,
          dpeg_vaults_monster_box, nicolae_vaults_little_squares_4,
          serial_shops, nicolae_shop_waterfront, shop,
          nicolae_shop_behind_doors, shop_statue, nicolae_shop_crystal
Vaults:5: uniq_frederick
Crypt:1:  serial_sigils_hangedman_shear, grunt_crypt_arrival_webbed
Crypt:2:  gammafunk_sealed_arena, minivault_4
Crypt:3:  lightli_unholy_cathedral
Depths:1: enter_ziggurat_f, hell_entry, evilmike_ruin_ashenzari,
          minmay_misc_feat_square, minislime_mu
Depths:2: minmay_connected_boxes_in_corner, serial_sigils,
          serial_sigils_hangedman_confine, serial_sigils_hangedman_leer,
          serial_sigils_hangedman_scar, serial_sigils_hangedman_writhe,
          serial_sigils_hangedman_quiver, hell_entry, serial_shops,
          bzr_entry_lakeside, glass_columns_b, minivault_16
Depths:3: hangedman_pleasuredromes, hell_entry, pan_entry, uniq_boris,
          uniq_margery
Depths:4: regret_index_uskayaw_diablada_macabre, abyss_entry,
          pf_hell_entry_tar_river, uniq_boris, uniq_mara
Depths:5: evilmike_zot_entry_basic, hangedman_abyss_entry_splay, serial_shops,
          bzr_entry_islet, hellmouth_1, lemuel_crystal_altar, tso_altar,
          minmay_shop_star
Zot:1:    st_small_dragon_hoard_1
Zot:2:    basic_stair_grate_trap, grunt_megastairs_2
Zot:3:    gammafunk_mikee_crab_dinner
Zot:5:    uniq_tiamat
Abyss:1:  evilmike_abyss_exit_2
Abyss:2:  evilmike_abyss_exit_10, grunt_abyss_exit_deep_breaths,
          hangedman_relentless_pull
Abyss:3:  evilmike_abyss_exit_chaos
Abyss:4:  due_evilmike_abyss_rune_seething_liches, abyss_exit_lava
Abyss:5:  due_exit_kobolds, hangedman_abyss_or_decor_slice,
          serial_sigils_hangedman_quiver, evilmike_abyss_exit_7,
          guppyfry_abyss_exit_spiral_guarded
Bazaar:   bazaar_minmay_generic_island, bazaar_kb_twisted_cavern
Bailey:   bailey_axe_4, bailey
WizLab:   wizlab_golubria

Skill      XL: |  1  2  3  4  5  6  7  8  9 10 11 12 13 14 15 16 17 18 19 20 21 22 23 24 25 26 27 |
---------------+----------------------------------------------------------------------------------+-----
Maces & Flails | 2 3 4 5 7 9 10 | 10.7
Axes           | 2 4 6 7 8 9 10 11 12 13 14 15 16 17 18 19 20 22 | 22.3
Dodging        | 1 3 4 5 6 7 8 9 10 11 12 13 14 15 18 | 18.0
Evocations     | 1 3 4 5 6 7 8 9 10 11 12 13 | 13.1
Armour         | 3 4 5 6 7 8 9 10 11 12 13 14 15 16 18 | 18.2
Shields        | 3 4 5 6 7 8 9 10 11 12 13 14 15 16 18 | 18.2
Fighting       | 4 5 6 7 8 9 10 11 12 13 14 15 16 17 18 21 | 21.0
Throwing       | 5 8 10 11 | 11.0
Spellcasting   | 4 8 12 | 12.8
Invocations    | 10 | 10.5

Action                   |  1- 3 |  4- 6 |  7- 9 | 10-12 | 13-15 | 16-18 | 19-21 | 22-24 | 25-27 || total
-------------------------+-------+-------+-------+-------+-------+-------+-------+-------+-------++-------
Melee: Flail             |   103 |   178 |       |       |       |       |       |       |       ||   281
       Hand axe          |       |   187 |   342 |   883 |       |       |       |       |       ||  1412
       Demon whip        |       |       |       |    74 |  1884 |   237 |   364 |    21 |       ||  2580
       Broad axe         |       |       |       |       |       |  1915 |  1619 |  1932 |  4546 || 10012
Invok: Call Merchant     |       |       |       |     2 |     1 |     3 |       |     4 |     3 ||    13
       Potion Petition   |       |       |       |     1 |       |       |       |       |     3 ||     4
 Abil: Evoke Flight      |       |       |       |       |     3 |     2 |       |       |     2 ||     7
Evoke: Wand              |       |       |     3 |    17 |    17 |       |     2 |     1 |     4 ||    44
  Use: Scroll            |       |     3 |     8 |    12 |     8 |     2 |    10 |    11 |     8 ||    62
 Stab: Paralysed         |       |       |     3 |    29 |       |       |       |       |       ||    32
       Distracted        |       |       |     1 |     6 |    11 |    10 |    11 |    17 |    70 ||   126
       Invisible         |       |       |       |     7 |       |       |       |       |     1 ||     8
       Petrified         |       |       |       |       |     3 |       |       |       |       ||     3
       Confused          |       |       |       |       |       |       |       |       |     2 ||     2
       Petrifying        |       |       |       |       |       |       |       |       |     1 ||     1
Armor: Scale mail        |    64 |     7 |       |       |       |       |       |       |       ||    71
       Plate armour      |       |   225 |   117 |       |       |       |       |       |       ||   342
       Chain mail        |       |       |    40 |   323 |    56 |       |       |       |       ||   419
       Gold dragon scale |       |       |       |       |   490 |   877 |   454 |   393 |   920 ||  3134
Dodge: Dodged            |    45 |    52 |    55 |   243 |   557 |   601 |   300 |   464 |  1120 ||  3437
Block: Shield            |    62 |   167 |   131 |   452 |   807 |   433 |       |       |       ||  2052
       Large shield      |       |       |       |       |       |  1002 |  1212 |  1291 |  2944 ||  6449

Table legend:
 A = Spawn XP
 B = Non-spawn XP
 C = Spawn XP percentage of total XP
 D = Spawn monster count
 E = Non-spawn monster count
 F = Spawn count percentage of total count
 G = Total turns spent on level
                    A         B        C        D         E        F      G
               +---------+---------+-------+---------+---------+-------+---------
         Total |  511415 | 1718084 |  22.9 |     741 |    2725 |  21.4 | 72971
               +---------+---------+-------+---------+---------+-------+---------
           D:1 |       0 |      38 |   0.0 |       0 |      22 |   0.0 |   568
           D:2 |       0 |     193 |   0.0 |       0 |      41 |   0.0 |  1414
           D:3 |       0 |      99 |   0.0 |       0 |      23 |   0.0 |   719
           D:4 |       0 |     498 |   0.0 |       0 |      19 |   0.0 |  1645
           D:5 |       0 |    1550 |   0.0 |       0 |      26 |   0.0 |  1075
           D:6 |       0 |    1562 |   0.0 |       0 |      33 |   0.0 |  1615
           D:7 |       0 |    1479 |   0.0 |       0 |      35 |   0.0 |  1107
           D:8 |       0 |    2337 |   0.0 |       0 |      18 |   0.0 |   769
           D:9 |       0 |    4997 |   0.0 |       0 |      46 |   0.0 |  2188
          D:10 |       0 |    4253 |   0.0 |       0 |      47 |   0.0 |  1828
          D:11 |       0 |    8644 |   0.0 |       0 |      35 |   0.0 |   932
          D:12 |       0 |    3911 |   0.0 |       0 |      30 |   0.0 |  1054
          D:13 |       0 |    9272 |   0.0 |       0 |      63 |   0.0 |   707
          D:14 |       0 |   16694 |   0.0 |       0 |      38 |   0.0 |  1522
          D:15 |       0 |   28998 |   0.0 |       0 |      65 |   0.0 |  1295
        Lair:1 |       0 |    4037 |   0.0 |       0 |      16 |   0.0 |  1578
        Lair:2 |       0 |    3834 |   0.0 |       0 |      19 |   0.0 |  1632
        Lair:3 |       0 |    4423 |   0.0 |       0 |      18 |   0.0 |  1444
        Lair:4 |       0 |    5109 |   0.0 |       0 |      21 |   0.0 |  1422
        Lair:5 |       0 |   11465 |   0.0 |       0 |      33 |   0.0 |  1933
        Lair:6 |       0 |   21372 |   0.0 |       0 |      54 |   0.0 |  1825
      Shoals:1 |       0 |    8400 |   0.0 |       0 |      20 |   0.0 |   706
      Shoals:2 |       0 |   25822 |   0.0 |       0 |      37 |   0.0 |   911
      Shoals:3 |       0 |   19786 |   0.0 |       0 |      32 |   0.0 |  1077
      Shoals:4 |       0 |   48916 |   0.0 |       0 |      90 |   0.0 |  1371
       Snake:1 |       0 |   16033 |   0.0 |       0 |      33 |   0.0 |   793
       Snake:2 |       0 |   12142 |   0.0 |       0 |      15 |   0.0 |   704
       Snake:3 |       0 |   23032 |   0.0 |       0 |      40 |   0.0 |  1398
       Snake:4 |       0 |   62790 |   0.0 |       0 |     110 |   0.0 |  2263
         Orc:1 |       0 |    4860 |   0.0 |       0 |      50 |   0.0 |   659
         Orc:2 |       0 |    8755 |   0.0 |       0 |      48 |   0.0 |   788
         Elf:1 |       0 |   25479 |   0.0 |       0 |      44 |   0.0 |  1138
         Elf:2 |       0 |   16097 |   0.0 |       0 |      21 |   0.0 |   623
         Elf:3 |       0 |   56693 |   0.0 |       0 |      57 |   0.0 |  1787
      Vaults:1 |       0 |   55816 |   0.0 |       0 |      81 |   0.0 |  1579
      Vaults:2 |       0 |   47470 |   0.0 |       0 |      71 |   0.0 |  1247
      Vaults:3 |       0 |   52943 |   0.0 |       0 |      90 |   0.0 |  1469
      Vaults:4 |       0 |   59875 |   0.0 |       0 |      89 |   0.0 |  1241
       Crypt:1 |       0 |   35681 |   0.0 |       0 |      56 |   0.0 |   977
       Crypt:2 |       0 |   31552 |   0.0 |       0 |      36 |   0.0 |  1056
       Crypt:3 |       0 |   60996 |   0.0 |       0 |      67 |   0.0 |  1018
      Depths:1 |       0 |   32394 |   0.0 |       0 |      62 |   0.0 |  1476
      Depths:2 |       0 |   73075 |   0.0 |       0 |      81 |   0.0 |  1893
      Depths:3 |       0 |  119614 |   0.0 |       0 |      99 |   0.0 |  1495
      Depths:4 |       0 |  101962 |   0.0 |       0 |      87 |   0.0 |  1423
      Depths:5 |     230 |   62367 |   0.4 |       1 |      57 |   1.7 |  1230
         Zot:1 |       0 |   56468 |   0.0 |       0 |      30 |   0.0 |   793
         Zot:2 |       0 |   74043 |   0.0 |       0 |      45 |   0.0 |   753
         Zot:3 |       0 |   48508 |   0.0 |       0 |      38 |   0.0 |  1961
         Zot:4 |       0 |   61098 |   0.0 |       0 |      34 |   0.0 |   808
         Zot:5 |       0 |   89313 |   0.0 |       0 |      41 |   0.0 |   789
       Abyss:1 |   60838 |   52829 |  53.5 |      67 |      61 |  52.3 |  1532
       Abyss:2 |   17553 |   21768 |  44.6 |      31 |      24 |  56.4 |   874
       Abyss:3 |   88321 |   28486 |  75.6 |     169 |      75 |  69.3 |  2213
       Abyss:4 |   99786 |   42143 |  70.3 |     127 |      84 |  60.2 |  1562
       Abyss:5 |  244687 |   22007 |  91.7 |     346 |      53 |  86.7 |  1760
        Bailey |       0 |    1840 |   0.0 |       0 |      26 |   0.0 |   451
        WizLab |       0 |   22266 |   0.0 |       0 |      39 |   0.0 |   720
               +---------+---------+-------+---------+---------+-------+---------
